| TOP OF THE 1ST |
|
Burlington Royals batting - Pitching for Baltimore (APP) Orioles : LHP Ryan Watkins
|
|
Pitching: LHP Ryan Watkins
|
|
|
Batting: RHB Shura Mogilny
|
0-0: Swinging Strike 0-1: Ball 1-1: Ball 2-1: Fly out, F9 (Line Drive, 9LS, EV 95.6 MPH)
|
|
Batting: SHB Alex Cavazos
|
0-0: Ball 1-0: Ball 2-0: SINGLE (Groundball, 34D, EV 105.6 MPH)
|
|
Batting: RHB Hugo Chavez
|
0-0: Ball 1-0: Called Strike 1-1: Called Strike 1-2: Strikes out swinging
|
|
Batting: LHB Jayden Pelayo
|
0-0: Foul Ball, location: 2F 0-1: Called Strike 0-2: Fly out, F9 (Flyball, 9, EV 91.2 MPH)
|
| Top of the 1st over - 0 runs, 1 hit, 0 errors, 1 left on base; Burlington 0 - Baltimore (APP) 0 |
| BOTTOM OF THE 1ST |
|
Baltimore (APP) Orioles batting - Pitching for Burlington Royals : RHP Paul Gibbens
|
|
Pitching: RHP Paul Gibbens
|
|
|
Batting: RHB Juan Eyrich
|
0-0: Ball 1-0: Fly out, F7 (Flyball, 7LD, EV 110.0 MPH)
|
|
Batting: RHB C.J. Wells
|
0-0: Ball 1-0: Foul Ball, location: 2F 1-1: Ground out 3-1 (Groundball, 34, EV 107.5 MPH)
|
|
Batting: LHB Jeremy Nuzzo
|
0-0: Ball 1-0: Called Strike 1-1: Called Strike 1-2: Foul Ball, location: 2F 1-2: Strikes out looking
|
| Bottom of the 1st over - 0 runs, 0 hits, 0 errors, 0 left on base; Burlington 0 - Baltimore (APP) 0 |
| TOP OF THE 2ND |
|
Burlington Royals batting - Pitching for Baltimore (APP) Orioles : LHP Ryan Watkins
|
|
Batting: RHB Masakuni Takeuchi
|
0-0: Ball 1-0: Called Strike 1-1: Foul Ball, location: 2F 1-2: Foul Ball, location: 2F 1-2: Ball 2-2: Ball 3-2: Strikes out looking
|
|
Batting: RHB Jason Conner
|
0-0: Called Strike 0-1: Ball 1-1: Swinging Strike 1-2: Foul Ball, location: 2F 1-2: Ground out 5-3 (Groundball, 5, EV 86.9 MPH)
|
|
Batting: RHB David Rubio
|
0-0: Called Strike 0-1: Called Strike 0-2: Ball 1-2: Foul Ball, location: 2F 1-2: Foul Ball, location: 2F 1-2: Ball 2-2: Strikes out looking
|
| Top of the 2nd over - 0 runs, 0 hits, 0 errors, 0 left on base; Burlington 0 - Baltimore (APP) 0 |
| BOTTOM OF THE 2ND |
|
Baltimore (APP) Orioles batting - Pitching for Burlington Royals : RHP Paul Gibbens
|
|
Batting: RHB Minoru Matsumoto
|
0-0: Called Strike 0-1: Ball 1-1: Fly out, F8 (Flyball, 8LD, EV 85.6 MPH)
|
|
Batting: LHB Xue-liang Zhou
|
0-0: Reached on error, E6 (Groundball, 6, EV 83.8 MPH)
|
|
Batting: RHB Ruben Domingues
|
0-0: Ball 1-0: Ball 2-0: SINGLE (Groundball, 56D, EV 110.0 MPH) Xue-liang Zhou to third
|
|
Batting: LHB Edwin Cabral
|
0-0: Ball 1-0: Foul Ball, location: 2F 1-1: Swinging Strike 1-2: Foul Ball, location: 2F 1-2: Ball 2-2: SINGLE (Flyball, 56D, EV 85.6 MPH) Xue-liang Zhou scores Ruben Domingues to second
|
|
Batting: LHB Ivan Alvarez
|
0-0: Ball 1-0: Called Strike 1-1: Foul Ball, location: 2F 1-2: Foul Ball, location: 2F 1-2: Foul Ball, location: 2F 1-2: Foul Ball, location: 2F 1-2: Ball 2-2: Strikes out swinging
|
|
Batting: RHB Imbart van Rens
|
0-0: Called Strike 0-1: Ball 1-1: Ball 2-1: Fly out, F8 (Flyball, 8RXD, EV 88.1 MPH)
|
| Bottom of the 2nd over - 1 run, 2 hits, 1 error, 2 left on base; Burlington 0 - Baltimore (APP) 1 |
| TOP OF THE 3RD |
|
Burlington Royals batting - Pitching for Baltimore (APP) Orioles : LHP Ryan Watkins
|
|
Batting: RHB Juan Nieves
|
0-0: Ball 1-0: Ball 2-0: Called Strike 2-1: Ball 3-1: Fly out, F9 (Flyball, 9, EV 87.5 MPH)
|
|
Batting: RHB Angel Melendez
|
0-0: Swinging Strike 0-1: Swinging Strike 0-2: Foul Ball, location: 2F 0-2: Strikes out swinging
|
|
Batting: RHB Shura Mogilny
|
0-0: Ball 1-0: Ground out 6-3 (Groundball, 56, EV 94.4 MPH)
|
| Top of the 3rd over - 0 runs, 0 hits, 0 errors, 0 left on base; Burlington 0 - Baltimore (APP) 1 |
| BOTTOM OF THE 3RD |
|
Baltimore (APP) Orioles batting - Pitching for Burlington Royals : RHP Paul Gibbens
|
|
Batting: RHB Juan Eyrich
|
0-0: Ball 1-0: Swinging Strike 1-1: Swinging Strike 1-2: Ball 2-2: Ball 3-2: Ground out U3 (Groundball, 34, EV 104.4 MPH)
|
|
Batting: RHB C.J. Wells
|
0-0: Foul Ball, location: 2F 0-1: DOUBLE (Line Drive, 5D, EV 94.4 MPH)
|
|
Pitching: RHP Joey Ferguson
|
|
|
Batting: LHB Jeremy Nuzzo
|
0-0: Ball 1-0: Called Strike 1-1: Ball 2-1: Ball Passed Ball! C.J. Wells to third 3-1: Base on Balls
|
|
Batting: RHB Minoru Matsumoto
|
0-0: Ball 1-0: Ball 2-0: Ball 3-0: Called Strike 3-1: Base on Balls Jeremy Nuzzo to second
|
|
Batting: LHB Xue-liang Zhou
|
0-0: Foul Ball, location: 2F 0-1: Foul Ball, location: 2F 0-2: Ball 1-2: DOUBLE (Flyball, 8LXD, EV 96.9 MPH) C.J. Wells scores Jeremy Nuzzo scores Minoru Matsumoto to third Runner from 3rd tries for Home, SAFE, throw by CF to home
|
|
Batting: RHB Ruben Domingues
|
0-0: Fly out, F4 (Popup, 4D, EV 48.1 MPH)
|
|
Batting: LHB Edwin Cabral
|
0-0: Ball 1-0: Foul Ball, location: 2F 1-1: Ball 2-1: Ball 3-1: Foul Ball, location: 2F 3-2: Base on Balls
|
|
Batting: LHB Ivan Alvarez
|
0-0: Ball 1-0: Ball 2-0: Called Strike 2-1: Ball 3-1: Base on Balls Xue-liang Zhou to third Edwin Cabral to second
|
|
Batting: RHB Imbart van Rens
|
0-0: Called Strike 0-1: Foul Ball, location: 2F 0-2: Strikes out swinging
|
| Bottom of the 3rd over - 3 runs, 2 hits, 0 errors, 3 left on base; Burlington 0 - Baltimore (APP) 4 |
| TOP OF THE 4TH |
|
Burlington Royals batting - Pitching for Baltimore (APP) Orioles : LHP Ryan Watkins
|
|
Batting: SHB Alex Cavazos
|
0-0: Foul Ball, location: 2F 0-1: Swinging Strike 0-2: Ball 1-2: Strikes out swinging
|
|
Batting: RHB Hugo Chavez
|
0-0: Swinging Strike 0-1: Foul Ball, location: 2F 0-2: Strikes out swinging
|
|
Batting: LHB Jayden Pelayo
|
0-0: Ball 1-0: Ball 2-0: Ball 3-0: Base on Balls
|
|
Batting: RHB Masakuni Takeuchi
|
0-0: Called Strike 0-1: DOUBLE (Line Drive, 89XD, EV 106.9 MPH) Jayden Pelayo to third Runner from 3rd tries for Home, SAFE, throw by CF to trailing runner, SAFE at third!
|
|
Batting: RHB Jason Conner
|
0-0: Swinging Strike 0-1: Called Strike 0-2: Hit by Pitch
|
|
Batting: RHB David Rubio
|
0-0: Foul Ball, location: 2F 0-1: Ball 1-1: Ball 2-1: Ball 3-1: Base on Balls Jason Conner to second
|
|
Batting: RHB Juan Nieves
|
0-0: SINGLE (Line Drive, 3D, EV 95.6 MPH) Masakuni Takeuchi scores Jason Conner to third David Rubio to second Runner from 3rd tries for Home, SAFE, throw by RF to home
|
|
Batting: RHB Angel Melendez
|
0-0: Foul Ball, location: 2F 0-1: Foul Ball, location: 2F 0-2: Ball 1-2: Ball 2-2: Ball 3-2: Strikes out swinging
|
| Top of the 4th over - 3 runs, 2 hits, 0 errors, 2 left on base; Burlington 3 - Baltimore (APP) 4 |
| BOTTOM OF THE 4TH |
|
Baltimore (APP) Orioles batting - Pitching for Burlington Royals : RHP Joey Ferguson
|
|
Batting: RHB Juan Eyrich
|
0-0: DOUBLE (Line Drive, 89M, EV 100.0 MPH)
|
|
Batting: RHB C.J. Wells
|
0-0: Ball 1-0: 2-RUN HOME RUN (Flyball, 8LXD, EV 115.6 MPH), Distance : 458 ft
|
|
Pitching: LHP Ken Milhouse
|
|
|
Batting: LHB Jeremy Nuzzo
|
0-0: Fly out, F5 (Popup, 5F, EV 80.6 MPH)
|
|
Batting: RHB Minoru Matsumoto
|
0-0: Fly out, F9 (Flyball, 9LS, EV 86.9 MPH)
|
|
Batting: LHB Xue-liang Zhou
|
0-0: Swinging Strike 0-1: SINGLE (Groundball, 6MS, EV 65.0 MPH) (infield hit)
|
|
Batting: RHB Ruben Domingues
|
0-0: Swinging Strike 0-1: Fly out, F7 (Flyball, 78S, EV 88.8 MPH)
|
| Bottom of the 4th over - 2 runs, 3 hits, 0 errors, 1 left on base; Burlington 3 - Baltimore (APP) 6 |
| TOP OF THE 5TH |
|
Burlington Royals batting - Pitching for Baltimore (APP) Orioles : LHP Ryan Watkins
|
|
Batting: RHB Shura Mogilny
|
0-0: Ground out 4-3 (Groundball, 34, EV 87.5 MPH)
|
|
Batting: SHB Alex Cavazos
|
0-0: SINGLE (Groundball, 4S, EV 68.8 MPH) (infield hit)
|
|
Batting: RHB Hugo Chavez
|
0-0: Grounds into double play, 6-4-3 (Groundball, 6, EV 91.9 MPH)
|
| Top of the 5th over - 0 runs, 1 hit, 0 errors, 0 left on base; Burlington 3 - Baltimore (APP) 6 |
| BOTTOM OF THE 5TH |
|
Baltimore (APP) Orioles batting - Pitching for Burlington Royals : LHP Ken Milhouse
|
|
Batting: LHB Edwin Cabral
|
0-0: Foul Ball, location: 2F 0-1: Swinging Strike 0-2: Ball 1-2: Strikes out swinging
|
|
Batting: LHB Ivan Alvarez
|
0-0: Ball 1-0: Called Strike 1-1: Ball 2-1: Ball 3-1: Swinging Strike 3-2: Strikes out swinging
|
|
Batting: RHB Imbart van Rens
|
0-0: Ball 1-0: Foul Ball, location: 2F 1-1: DOUBLE (Flyball, 8LXD, EV 108.1 MPH)
|
|
Batting: RHB Juan Eyrich
|
0-0: Foul Ball, location: 2F 0-1: Ground out 3-1 (Groundball, 34D, EV 91.9 MPH)
|
| Bottom of the 5th over - 0 runs, 1 hit, 0 errors, 1 left on base; Burlington 3 - Baltimore (APP) 6 |
| TOP OF THE 6TH |
|
Burlington Royals batting - Pitching for Baltimore (APP) Orioles : LHP Ryan Watkins
|
|
Batting: LHB Jayden Pelayo
|
0-0: Called Strike 0-1: Foul Ball, location: 2F 0-2: Foul Ball, location: 2F 0-2: Ball 1-2: Ball 2-2: Foul Ball, location: 2F 2-2: Ball 3-2: Fly out, F9 (Flyball, 89D, EV 91.2 MPH)
|
|
Batting: RHB Masakuni Takeuchi
|
0-0: Called Strike 0-1: Ball 1-1: Swinging Strike 1-2: Strikes out swinging
|
|
Batting: RHB Jason Conner
|
0-0: Fly out, F9 (Flyball, 89D, EV 101.2 MPH)
|
| Top of the 6th over - 0 runs, 0 hits, 0 errors, 0 left on base; Burlington 3 - Baltimore (APP) 6 |
| BOTTOM OF THE 6TH |
|
Baltimore (APP) Orioles batting - Pitching for Burlington Royals : LHP Ken Milhouse
|
|
Batting: RHB C.J. Wells
|
0-0: Called Strike 0-1: Ball 1-1: Ground out 5-3 (Groundball, 56, EV 87.5 MPH)
|
|
Batting: LHB Jeremy Nuzzo
|
0-0: Foul Ball, location: 2F 0-1: Ball 1-1: Swinging Strike 1-2: Strikes out swinging, 2-3 out at first.
|
|
Batting: RHB Minoru Matsumoto
|
0-0: Called Strike 0-1: Swinging Strike 0-2: Ball 1-2: Foul Ball, location: 2F 1-2: Foul Ball, location: 2F 1-2: Strikes out looking
|
| Bottom of the 6th over - 0 runs, 0 hits, 0 errors, 0 left on base; Burlington 3 - Baltimore (APP) 6 |
| TOP OF THE 7TH |
|
Burlington Royals batting - Pitching for Baltimore (APP) Orioles : LHP Ryan Watkins
|
|
Batting: RHB David Rubio
|
0-0: Called Strike 0-1: Called Strike 0-2: Strikes out swinging passed ball, reaches first!
|
|
Batting: RHB Juan Nieves
|
0-0: Ball 1-0: Ball David Rubio is caught stealing 2nd base 2-4 2-0: Ball 3-0: Base on Balls
|
|
Batting: RHB Angel Melendez
|
0-0: Called Strike 0-1: Ball 1-1: Ball 2-1: Ball 3-1: Called Strike 3-2: Strikes out swinging
|
|
Pitching: RHP Justin Swanson
|
|
|
Batting: RHB Shura Mogilny
|
0-0: Foul Ball, location: 2F 0-1: Fly out, F3 (Popup, 23F, EV 78.1 MPH)
|
| Top of the 7th over - 0 runs, 0 hits, 0 errors, 1 left on base; Burlington 3 - Baltimore (APP) 6 |
| BOTTOM OF THE 7TH |
|
Baltimore (APP) Orioles batting - Pitching for Burlington Royals : LHP Ken Milhouse
|
|
Batting: LHB Xue-liang Zhou
|
0-0: Ball 1-0: SINGLE (Flyball, 8LS, EV 95.6 MPH)
|
|
Batting: RHB Ruben Domingues
|
0-0: Bunted foul 0-1: Bunted foul 0-2: Ball 1-2: Foul Ball, location: 2F 1-2: DOUBLE (Groundball, 5L, EV 108.1 MPH) Xue-liang Zhou to third Runner from 3rd tries for Home, throw by LF and OUT! 7-6-2
|
|
Batting: LHB Edwin Cabral
|
0-0: Ball Wild Pitch! Ruben Domingues to third 1-0: Ball 2-0: Ball 3-0: Called Strike 3-1: Base on Balls
|
|
Pitching: LHP Brett Reed
|
|
|
Batting: LHB Ivan Alvarez
|
0-0: Ball 1-0: Ball Edwin Cabral steals 2nd base 2-0: Called Strike 2-1: Ground out 6-3 (Groundball, 6M, EV 89.4 MPH) Ruben Domingues scores Edwin Cabral to third
|
|
Batting: RHB Imbart van Rens
|
0-0: Called Strike 0-1: Ball 1-1: Foul Ball, location: 2F 1-2: Ball 2-2: Foul Ball, location: 2F 2-2: Strikes out swinging
|
| Bottom of the 7th over - 1 run, 2 hits, 0 errors, 1 left on base; Burlington 3 - Baltimore (APP) 7 |
| TOP OF THE 8TH |
|
Burlington Royals batting - Pitching for Baltimore (APP) Orioles : RHP Justin Swanson
|
|
Batting: SHB Alex Cavazos
|
0-0: Ball 1-0: Called Strike 1-1: Foul Ball, location: 2F 1-2: Ball 2-2: Strikes out swinging
|
|
Batting: RHB Hugo Chavez
|
0-0: Called Strike 0-1: Ball 1-1: Foul Ball, location: 2F 1-2: Strikes out swinging
|
|
Batting: LHB Jayden Pelayo
|
0-0: Called Strike 0-1: Ball 1-1: Ball 2-1: Foul Ball, location: 2F 2-2: Strikes out swinging
|
| Top of the 8th over - 0 runs, 0 hits, 0 errors, 0 left on base; Burlington 3 - Baltimore (APP) 7 |
| BOTTOM OF THE 8TH |
|
Baltimore (APP) Orioles batting - Pitching for Burlington Royals : LHP Brett Reed
|
|
Batting: RHB Juan Eyrich
|
0-0: SOLO HOME RUN (Flyball, 9LD, EV 91.9 MPH), Distance : 343 ft
|
|
Batting: RHB C.J. Wells
|
0-0: Called Strike 0-1: Ball 1-1: Foul Ball, location: 2F 1-2: Strikes out swinging
|
|
Batting: LHB Jeremy Nuzzo
|
0-0: Foul Ball, location: 2F 0-1: Swinging Strike 0-2: Foul Ball, location: 2F 0-2: Ball 1-2: Strikes out swinging
|
|
Batting: RHB Minoru Matsumoto
|
0-0: Called Strike 0-1: Ball 1-1: Called Strike 1-2: Ball 2-2: Ball 3-2: Fly out, F8 (Flyball, 8RM, EV 80.0 MPH)
|
| Bottom of the 8th over - 1 run, 1 hit, 0 errors, 0 left on base; Burlington 3 - Baltimore (APP) 8 |
| TOP OF THE 9TH |
|
Burlington Royals batting - Pitching for Baltimore (APP) Orioles : RHP Justin Swanson
|
|
Batting: RHB Masakuni Takeuchi
|
0-0: Ball 1-0: Foul Ball, location: 2F 1-1: Foul Ball, location: 2F 1-2: Ball 2-2: Foul Ball, location: 2F 2-2: Ball 3-2: Strikes out swinging
|
|
Batting: RHB Jason Conner
|
0-0: Called Strike 0-1: Foul Ball, location: 2F 0-2: Ball 1-2: Foul Ball, location: 2F 1-2: Foul Ball, location: 2F 1-2: Ball 2-2: Ground out 6-3 (Groundball, 56, EV 86.9 MPH)
|
|
Batting: RHB David Rubio
|
0-0: Ball 1-0: Ball 2-0: Foul Ball, location: 2F 2-1: Ball 3-1: SINGLE (Line Drive, 8LS, EV 88.8 MPH)
|
|
Pitching: RHP Joe Sloboda
|
|
|
Batting: RHB Juan Nieves
|
0-0: Called Strike 0-1: Fly out, F8 (Line Drive, 8RD, EV 103.1 MPH)
|
| Top of the 9th over - 0 runs, 1 hit, 0 errors, 1 left on base; Burlington 3 - Baltimore (APP) 8 |
|